 Dungeon Crawl Stone Soup version 0.15.1-1-gfacfea3 (webtiles) character file.

1001 bulbazubr the Shooter (level 8, -4/54 HPs)
             Began as a Human Wanderer on Sept 21, 2014.
             Was a Follower of Okawaru.
             Slain by an ice beast (12 damage)
             ... on Level 5 of the Dungeon on Sept 22, 2014.
             The game lasted 01:52:51 (8213 turns).

bulbazubr the Shooter (Human Wanderer)              Turns: 8213, Time: 01:52:52

HP  -4/54        AC  8     Str 15      XL: 8   Next: 43%
MP   9/9         EV 10     Int 13      God: Okawaru [*.....]
Gold 239         SH  0     Dex 10      Spells:  0 memorised,  7 levels left

rFire  . . .     SeeInvis .     b - +0 hand axe
rCold  . . .     Clarity  .     c - +0 ring mail
rNeg   . . .     rCorr    .     (no shield)
rPois  .         rRot     .     (no helmet)
rElec  .         Spirit   .     (no cloak)
SustAb +         Warding  .     j - +0 pair of gloves
rMut   .         Stasis   .     m - +0 pair of boots
Gourm  .                        (no amulet)
MR     .....                    (no ring)
                                f - ring of sustain abilities

@: not resistant to hostile enchantments, extremely unstealthy
A: fangs 1, clumsy 1, regeneration 1, wild magic 1
a: Heroism, Renounce Religion


You were on level 5 of the Dungeon.
You worshipped Okawaru.
Okawaru was aware of your devotion.
You were not hungry.

You visited 2 branches of the dungeon, and saw 7 of its levels.
You also visited: Ossuary.

You collected 239 gold pieces.

Inventory:

Hand weapons
 a - a +2 shortbow
 b - a +0 hand axe (weapon)
Missiles
 d - 106 arrows
Armour
 c - a +0 ring mail (worn)
 j - a +0 pair of gloves (worn)
 m - a +0 pair of boots (worn)
 o - a +0 scale mail
Magical devices
 x - a wand of flame (9)
Comestibles
 i - 4 beef jerkies
 k - 5 bread rations
Scrolls
 g - 6 scrolls of teleportation
 h - a scroll of noise {unknown}
 r - 5 scrolls of blinking {unknown}
 s - a scroll of holy word {unknown}
 t - 2 scrolls of random uselessness {unknown}
 v - a scroll of identify
 y - a scroll of remove curse
Jewellery
 f - a ring of sustain abilities (left hand)
Potions
 n - 2 potions of haste
 q - a potion of porridge
 u - a potion of cure mutation
Books
 e - a Young Poisoner's Handbook

   Spells                             Type                      Level
   Sting                              Conjuration/Poison           1
   Cure Poison                        Poison                       2
   Mephitic Cloud                     Conjuration/Poison/Air       3
   Olgreb's Toxic Radiance            Poison                       4
   Venom Bolt                         Conjuration/Poison           5


   Skills:
 - Level 1.0 Fighting
 * Level 5.8 Axes
 * Level 6.4 Bows
 + Level 5.8 Armour
   Level 1.0 Shields
 - Level 1.0 Evocations


You had 7 spell levels left.
You didn't know any spells.

Dungeon Overview and Level Annotations

Branches:
Dungeon (6/15)             Temple (1/1) D:4

Altars:
Ashenzari
Cheibriados
Dithmenos
Elyvilon
Fedhas
Kikubaaqudgha
Makhleb
Nemelex Xobeh
Okawaru
Qazlal
Sif Muna
Trog
Vehumet
Xom
Yredelemnul
Zin
The Shining One


Innate Abilities, Weirdness & Mutations

You have very sharp teeth.
You are clumsy. (Dex -2)
Your natural rate of healing is unusually fast.
Your spells are a little harder to cast, but a little more powerful.


Message History

The ice beast barely misses you.
You hit the ice beast but do no damage.
The ice beast is heavily wounded.
The ice beast hits you. The ice beast freezes you!
* * * LOW HITPOINT WARNING * * *
You closely miss the ice beast.
The ice beast is heavily wounded.
The ice beast barely misses you.
You hit the ice beast.
The ice beast is heavily wounded.
The ice beast hits you but does no damage.
You hit the ice beast but do no damage.
The ice beast is heavily wounded.
The ice beast hits you. The ice beast freezes you!
* * * LOW HITPOINT WARNING * * *
You see here a stone.
The ice beast hits you.
* * * LOW HITPOINT WARNING * * *
The ice beast freezes you!
You die...

####### ###### #########.#...#
#....#
#.......#.#...#####....#
#.#####.#.'......##....# #.#
###.#.#...#.###....#
###.###.....#.###.# #....#####
#...........#.###.# #.........
#.#.#####.#.#..(..####.###...#
#...#####...Y@.........# #...#
#####.........##..###..# #...#
#####.#.#(##.####..###...#
#.#...................
###.#>..................
####.....#.##.......###...#
###.....##.#.##.#####.# #...#
#.......#.......#####.###.#.#
#.......#..#.##...........#.#


You could see an ice beast.

Vanquished Creatures
  An ice beast (D:4)
  A phantom (D:4)
  A giant frog (D:6)
  3 scorpions
  2 jellies (D:5)
  A crimson imp (D:6)
  A hound (D:5)
  An iguana (D:4)
  4 centaur zombies (Ossuary)
  A worker ant (D:4)
  2 big kobold zombies (Ossuary)
  4 mummies (Ossuary)
  5 adders
  A giant mite (D:3)
  A worm (D:3)
  7 giant geckos
  An ooze (D:2)
  2 orcs
  A bat skeleton (D:6)
  18 goblins
  8 hobgoblins
  6 jackals
  2 quokkas (D:5)
  2 ball pythons
  18 bats
  8 giant cockroaches
  A giant gecko skeleton (D:3)
  15 giant newts
  3 hobgoblin zombies (Ossuary)
  16 kobolds
  9 rats
146 creatures vanquished.

Vanquished Creatures (others)
  A bat (D:4)
  A giant cockroach (D:4)
  A quokka (D:4)
  A rat (D:4)
  A fungus (D:2)
5 creatures vanquished.

Grand Total: 151 creatures vanquished

Notes
Turn   | Place    | Note
--------------------------------------------------------------
     0 | D:1      | bulbazubr, the Human Wanderer, began the quest for the Orb.
     0 | D:1      | Reached XP level 1. HP: 15/15 MP: 1/1
   118 | D:1      | Reached skill level 1 in Axes
   118 | D:1      | Reached XP level 2. HP: 21/21 MP: 2/2
   594 | D:1      | Reached XP level 3. HP: 26/26 MP: 3/3
  1302 | D:2      | Gained mutation: You are resistant to hostile enchantments. [potion of mutation]
  1302 | D:2      | Gained mutation: You have a pair of small horns on your head. [potion of mutation]
  1408 | D:2      | Reached XP level 4. HP: 27/32 MP: 4/4
  1476 | D:2      | Found a blossoming altar of Fedhas.
  1790 | D:2      | Found a blossoming altar of Fedhas.
  2532 | D:3      | Reached XP level 5. HP: 37/37 MP: 5/5
  2660 | D:3      | Found a shimmering altar of Xom.
  2871 | D:3      | Gained mutation: You are partially covered in yellow scales (AC +2). [potion of mutation]
  2871 | D:3      | Gained mutation: You are partially covered in rough black scales (AC +4, Dex -1). [potion of mutation]
  2871 | D:3      | Gained mutation: Your muscles are strong. (Str +2) [potion of mutation]
  3708 | D:4      | Reached XP level 6. HP: 33/43 MP: 7/7
  3788 | D:4      | Noticed a phantom
  3806 | D:4      | Killed a phantom
  3893 | D:4      | Found a sand-covered staircase.
  3911 | Ossuary  | Entered an ossuary
  4050 | Ossuary  | Reached skill level 5 in Armour
  4131 | Ossuary  | Reached skill level 5 in Bows
  4131 | Ossuary  | Reached XP level 7. HP: 32/48 MP: 8/8
  4579 | D:4      | Found a staircase to the Ecumenical Temple.
  4677 | D:4      | Lost mutation: Your muscles are strong. (Str +2) [potion of cure mutation]
  4677 | D:4      | Lost mutation: You have a pair of small horns on your head. [potion of cure mutation]
  4677 | D:4      | Lost mutation: You are resistant to hostile enchantments. [potion of cure mutation]
  4677 | D:4      | Lost mutation: You are partially covered in yellow scales (AC +2). [potion of cure mutation]
  4677 | D:4      | Lost mutation: You are partially covered in rough black scales (AC +4, Dex -1). [potion of cure mutation]
  4678 | D:4      | Gained mutation: Your natural rate of healing is unusually fast. [potion of mutation]
  4678 | D:4      | Gained mutation: You have very sharp teeth. [potion of mutation]
  4678 | D:4      | Gained mutation: Your spells are a little easier to cast, but a little less powerful. [potion of mutation]
  4693 | D:4      | HP: 2/48 [poisoned by a worker ant]
  4831 | D:4      | Lost mutation: Your spells are a little easier to cast, but a little less powerful. [potion of mutation]
  4831 | D:4      | Gained mutation: Your spells are a little harder to cast, but a little more powerful. [potion of mutation]
  4831 | D:4      | Gained mutation: You are clumsy. (Dex -2) [potion of mutation]
  4879 | Temple   | Entered the Ecumenical Temple
  5086 | Temple   | Became a worshipper of Warmaster Okawaru
  5717 | D:4      | Found a staircase to the Ecumenical Temple.
  6189 | D:5      | Entered Level 5 of the Dungeon
  6939 | D:5      | Reached skill level 5 in Axes
  7062 | D:5      | Reached XP level 8. HP: 39/54 MP: 9/9
  7159 | D:5      | Reached skill level 6 in Bows
  7711 | D:4      | Acquired Okawaru's first power
  8213 | D:5      | Slain by an ice beast

Action                   |  1- 3 |  4- 6 |  7- 9 || total
-------------------------+-------+-------+-------++-------
Melee: Hand axe          |    24 |   163 |   236 ||   423
 Fire: Shortbow          |    65 |   112 |   103 ||   280
Invok: Heroism           |       |       |     1 ||     1
Evoke: Wand              |       |       |     1 ||     1
  Use: Potion            |     6 |     2 |     5 ||    13
       Scroll            |     3 |     2 |     5 ||    10
 Stab: Held in net/web   |       |     1 |       ||     1
  Eat: Bread ration      |     1 |       |       ||     1
       Chunk             |       |     3 |     4 ||     7
       Meat ration       |       |     1 |     1 ||     2
       Fruit             |       |       |     2 ||     2
       Pizza             |       |       |     1 ||     1
